[Event "Titled Tuesday Blitz August 16 Late 2022"]
[White "Gubajdullin, Alexei"]
[Black "Arnold, Ken"]
[WhiteFideId "4141202"]
[BlackFideId "2056836"]
[WhiteElo "2214"]
[BlackElo "2414"]
[Result "0-1"]
[Round "10"]
[TimeControl "180+1"]
[Date "2022.08.16"]
[WhiteClock "0:00:10"]
[BlackClock "0:00:37"]

1. Nf3 d5 2. g3 Nf6 3. Bg2 c6 4. c4 Bf5 5. cxd5 Nxd5 6. O-O e6 7. d3 Bg6 8. Ne5 Bd6 9. Nxg6 hxg6 10. Nc3 Nd7 11. Ne4 Be7 12. d4 O-O 13. Qb3 Qb6 14. Qxb6 axb6 15. a3 Rfd8 16. Rb1 e5 17. dxe5 Nxe5 18. Nd2 b5 19. h3 Nb6 20. Nf3 Nxf3+ 21. Bxf3 Nc4 22. Be4 Bf6 23. Bd3 Ne5 24. Bc2 Rd7 25. Rd1 Rxd1+ 26. Bxd1 Rd8 27. Bc2 Nc4 28. Bd3 Ne5 29. Be4 Nc4 30. Bc2 Nd2 31. Ra1 Nc4 32. Ra2 Ra8 33. b3 Nb6 34. e4 Bd4 35. Kf1 c5 36. f4 c4 37. e5 Nd5 38. Bd2 c3 39. Bc1 Nb4 40. Bb1 Nxa2 41. Bxa2 Bc5 42. Ke2 Bxa3 43. Be3 Bb2 44. Bb1 Ra1 45. Be4 Bc1 46. Bd4 Bd2 47. Bxb7 c2 48. Bxa1 c1=Q 49. Bd4 Qe1+ 50. Kd3 Qd1 51. Ke4 Qh1+ 0-1


[Site "https://www.chess.com"]

[Event "Titled Tuesday Blitz August 16 Late 2022"]
[White "Hoffmann, Asa"]
[Black "Leitao, Rafael"]
[WhiteFideId "2001470"]
[BlackFideId "2101246"]
[WhiteElo "2117"]
[BlackElo "2609"]
[Result "1-0"]
[Round "10"]
[TimeControl "180+1"]
[Date "2022.08.18"]
[WhiteClock "0:00:00"]
[BlackClock "0:00:00"]

1. d4 Nf6 2. Bg5 d5 3. e3 Nbd7 4. f4 c5 5. c3 Qb6 6. Qb3 Ne4 7. Nf3 e6 8. Bd3 Nxg5 9. Nxg5 h6 10. Nf3 Bd6 11. Nbd2 c4 12. Qxb6 axb6 13. Bc2 b5 14. O-O b4 15. cxb4 Bxb4 16. e4 Nf6 17. e5 Ng4 18. Rfe1 h5 19. h3 Nh6 20. a3 Ba5 21. Re2 Ke7 22. Nf1 b5 23. Ne3 b4 24. axb4 Rb8 25. Rxa5 Rxb4 26. Ra7+ Bd7 27. f5 Rd8 28. fxe6 fxe6 29. Bg6 Rdb8 30. Nd1 Ra4 31. Rxa4 Bxa4 32. Nc3 Bd7 33. Bxh5 Nf5 34. Bg4 Ng3 35. Rd2 Ne4 36. Nxe4 dxe4 37. Ng5 e3 38. Re2 Rb3 39. Ne4 Rd3 40. Nc3 Bc6 41. Kh2 Rd2 42. Rxd2 exd2 43. Kg3 g5 44. Kf2 Kf7 45. g3 1-0


[Site "https://www.chess.com"]

[Event "Titled Tuesday Blitz August 16 Late 2022"]
[White "Howell, David W L"]
[Black "Prydun, Andriy"]
[WhiteFideId "410608"]
[BlackFideId "14145898"]
[WhiteElo "2559"]
[BlackElo "2163"]
[Result "1-0"]
[Round "10"]
[TimeControl "180+1"]
[Date "2022.08.16"]
[WhiteClock "0:00:19"]
[BlackClock "0:00:02"]

1. d4 Nf6 2. Nf3 c6 3. g3 d5 4. c4 e6 5. Bg2 Nbd7 6. Qc2 Be7 7. Nbd2 O-O 8. O-O b6 9. e4 Bb7 10. e5 Ne8 11. cxd5 cxd5 12. Nb1 Rc8 13. Qd1 Nb8 14. Re1 a5 15. Nc3 Ba6 16. h4 h6 17. Bd2 b5 18. Ne2 Nc6 19. Nf4 Qb6 20. Be3 Nb4 21. Re2 a4 22. Bh3 a3 23. bxa3 Nc6 24. Rc2 Na5 25. Nxd5 exd5 26. Bxc8 Nc4 27. Bxa6 Qxa6 28. Qd3 Nc7 29. h5 Ra8 30. Rb1 Qe6 31. Kg2 Rxa3 32. Rb3 Ra4 33. Qe2 Qf5 34. Ne1 b4 35. Qf3 Qxf3+ 36. Kxf3 Nb5 37. Nd3 Ra3 38. Nf4 Nc7 39. Nxd5 Nxd5 40. Rxc4 Rxa2 41. Ke4 Nc3+ 42. Rcxc3 bxc3 43. Rxc3 Ra4 44. Rc8+ Kh7 45. Rc7 Bg5 46. Rxf7 1-0


[Site "https://www.chess.com"]

[Event "Titled Tuesday Blitz August 16 Late 2022"]
[White "Ibarra Jerez, Jose Carlos"]
[Black "So, Wesley"]
[WhiteFideId "2226332"]
[BlackFideId "5202213"]
[WhiteElo "2628"]
[BlackElo "2763"]
[Result "0-1"]
[Round "10"]
[TimeControl "180+1"]
[Date "2022.08.16"]
[WhiteClock "0:00:03"]
[BlackClock "0:00:17"]

1. e4 c5 2. Nc3 Nc6 3. Nf3 g6 4. d4 cxd4 5. Nxd4 Bg7 6. Be3 Nf6 7. Bc4 Qa5 8. O-O O-O 9. Bb3 d6 10. Nd5 Re8 11. Nxf6+ Bxf6 12. c3 Bd7 13. f4 Rac8 14. Qf3 Bg7 15. Rad1 Rf8 16. Qf2 Qa6 17. Nxc6 Bxc6 18. Bd4 Rce8 19. e5 Bb5 20. Rfe1 dxe5 21. Bxe5 e6 22. Bd6 Rc8 23. Bxf8 Bxf8 24. Kh1 b6 25. h3 Bc6 26. Kh2 Qb7 27. Rd2 Bc5 28. Qh4 Be7 29. Qf2 Bc5 30. Qh4 Be7 31. Qf2 Qc7 32. Qg3 Kg7 33. Qe3 Bf6 34. Bd1 h5 35. Bf3 Bb5 36. Be4 h4 37. Red1 g5 38. Kh1 Qxf4 39. Qxf4 gxf4 40. Bf3 Be7 41. Kh2 f5 42. Re1 Kf6 43. Be2 Bc6 44. Bc4 e5 45. Bd5 Be8 46. Rde2 Bd6 47. c4 e4 48. Kh1 Bh5 49. Rf2 Ke5 50. Rd2 Bb4 51. Rde2 f3 52. gxf3 Bxf3+ 53. Kh2 Bxe1 54. Rxe1 b5 55. b3 bxc4 56. Bxc4 Rd8 0-1


[Site "https://www.chess.com"]

[Event "Titled Tuesday Blitz August 16 Late 2022"]
[White "Janaszak, Dawid"]
[Black "Pakleza, Zbigniew"]
[WhiteFideId "1119206"]
[BlackFideId "1119290"]
[WhiteElo "2165"]
[BlackElo "2411"]
[Result "0-1"]
[Round "10"]
[TimeControl "180+1"]
[Date "2022.08.16"]
[WhiteClock "0:00:35"]
[BlackClock "0:01:28"]

1. d4 d6 2. Bg5 Nd7 3. Nc3 c6 4. e4 Qb6 5. Rb1 e5 6. Nf3 Be7 7. Be3 Qc7 8. a4 Ngf6 9. h3 O-O 10. Be2 a6 11. O-O b5 12. dxe5 dxe5 13. Nh4 Nc5 14. axb5 axb5 15. Bxc5 Bxc5 16. Bd3 g6 17. Qf3 Nh5 18. Rfd1 Nf4 19. Bf1 Qe7 20. Qg3 Nh5 21. Nf5 Bxf5 0-1


[Site "https://www.chess.com"]

[Event "Titled Tuesday Blitz August 16 Late 2022"]
[White "Kaganskiy, Gleb"]
[Black "Mickiewicz, Piotr"]
[WhiteFideId "4132025"]
[BlackFideId "1114891"]
[WhiteElo "2165"]
[BlackElo "2266"]
[Result "0-1"]
[Round "10"]
[TimeControl "180+1"]
[Date "2022.08.18"]
[WhiteClock "0:00:00"]
[BlackClock "0:00:00"]

1. e4 c5 2. Nf3 Nc6 3. Bb5 g6 4. Bxc6 bxc6 5. O-O Bg7 6. Re1 Nh6 7. c3 O-O 8. d4 cxd4 9. cxd4 d5 10. e5 Bg4 11. h3 Bxf3 12. Qxf3 Nf5 13. Be3 Qb6 14. b3 Nxd4 15. Qd1 c5 16. Nc3 e6 17. Na4 Qb4 18. Nxc5 Qxc5 19. Qxd4 Qe7 20. f4 f6 21. Rec1 fxe5 22. fxe5 Rf5 23. Rc6 Bxe5 24. Qg4 Bxa1 25. Bc5 Qf7 26. Kh2 Be5+ 0-1


[Site "https://www.chess.com"]

[Event "Titled Tuesday Blitz August 16 Late 2022"]
[White "Kalavannan, Koby"]
[Black "Vlassov, Nikolai"]
[WhiteFideId "425753"]
[BlackFideId "4103360"]
[WhiteElo "1927"]
[BlackElo "2324"]
[Result "0-1"]
[Round "10"]
[TimeControl "180+1"]
[Date "2022.08.16"]
[WhiteClock "0:00:04"]
[BlackClock "0:00:19"]

1. d4 Nf6 2. c4 Nc6 3. Nf3 e6 4. Bg5 h6 5. Bxf6 Qxf6 6. Nc3 Bb4 7. e3 Bxc3+ 8. bxc3 b6 9. Rc1 O-O 10. Bd3 Ba6 11. O-O Rac8 12. e4 e5 13. Qa4 Bb7 14. d5 Na5 15. Qxd7 c6 16. Rfd1 Rfd8 17. Qg4 Ba6 18. Qg3 Bxc4 19. Nxe5 cxd5 20. exd5 Bxd5 21. Ng4 Qc6 22. c4 Bxc4 23. Bxc4 Rxd1+ 24. Rxd1 Nxc4 25. h4 b5 26. Rd7 a5 27. Ra7 b4 28. Qf4 Qe6 29. h5 Rd8 30. Kh2 f5 31. Rc7 fxg4 32. Rxc4 Qd6 33. Qxd6 Rxd6 34. Rc5 Ra6 35. Kg3 Kf7 36. Kxg4 Ke6 37. Rc7 a4 38. Rxg7 Ke5 39. Rb7 b3 40. a3 Kd4 41. f4 Kc3 42. Rc7+ Kb2 43. f5 Kxa3 44. Rg7 b2 45. Rb7 Ka2 46. f6 Rxf6 47. Rb4 a3 48. Rb5 b1=Q 49. Rxb1 Kxb1 50. Kh4 a2 51. g4 a1=Q 52. Kg3 Qe5+ 53. Kh4 Qh2# 0-1


[Site "https://www.chess.com"]

[Event "Titled Tuesday Blitz August 16 Late 2022"]
[White "Kambrath, Yannick"]
[Black "Bodnar, Nikolay"]
[WhiteFideId "20632525"]
[BlackFideId "14106469"]
[WhiteElo "2236"]
[BlackElo "2283"]
[Result "1-0"]
[Round "10"]
[TimeControl "180+1"]
[Date "2022.08.16"]
[WhiteClock "0:01:09"]
[BlackClock "0:00:04"]

1. e4 c6 2. d4 d5 3. f3 e6 4. Nc3 Qb6 5. Rb1 Bb4 6. Be3 Nf6 7. Bd3 e5 8. Ne2 exd4 9. Bxd4 c5 10. Bxf6 Qxf6 11. O-O Bxc3 12. Nxc3 d4 13. Nd5 Qd8 14. c3 O-O 15. cxd4 cxd4 16. Qa4 Nc6 17. Bb5 Be6 18. Bxc6 bxc6 19. Qxc6 Rc8 20. Qb5 Bxd5 21. exd5 Qd6 22. Rbd1 Rb8 23. Qa5 Qf4 24. Qd2 Qe3+ 25. Kh1 Rfd8 26. Qxd4 Qxd4 27. Rxd4 Rxb2 28. a4 Rd6 29. h4 g6 30. Rc1 Rbb6 31. Rc7 a6 32. Kh2 Kg7 33. Kg3 Kf6 34. Rf4+ Ke5 35. Rcxf7 h5 36. Re4+ Kxd5 37. Kf4 Rb2 38. g3 Kc6 39. Kg5 Rg2 40. g4 hxg4 41. fxg4 Rc2 42. Rf6 Rc5+ 43. Kxg6 Rxf6+ 44. Kxf6 Rc2 45. h5 Kd7 46. h6 Rh2 47. Kg7 Kd6 48. h7 Kd5 49. Re8 Rh4 50. g5 Rg4 51. g6 Rh4 52. h8=Q Re4 53. Rxe4 1-0


[Site "https://www.chess.com"]

[Event "Titled Tuesday Blitz August 16 Late 2022"]
[White "Karaev, Seit-Amet"]
[Black "Petrovic, Aleksa"]
[WhiteFideId "4169549"]
[BlackFideId "967629"]
[WhiteElo "2272"]
[BlackElo "2262"]
[Result "1-0"]
[Round "10"]
[TimeControl "180+1"]
[Date "2022.08.16"]
[WhiteClock "0:01:35"]
[BlackClock "0:01:07"]

1. e4 c5 2. Nf3 e6 3. d4 cxd4 4. Nxd4 a6 5. Nc3 Qc7 6. a3 Nf6 7. Bg5 Nc6 8. Qd2 Nxe4 9. Nxe4 Qe5 10. O-O-O Qxe4 11. Nf3 Ne5 12. Nxe5 Qxe5 13. f4 Qc7 14. f5 Be7 15. Bxe7 Kxe7 16. Qg5+ Ke8 17. Qxg7 Qf4+ 18. Kb1 Rf8 19. Bd3 b5 20. Rhf1 Qxh2 21. fxe6 dxe6 22. Be4 Ra7 23. Bc6+ 1-0


[Site "https://www.chess.com"]

[Event "Titled Tuesday Blitz August 16 Late 2022"]
[White "Kim, Sergey"]
[Black "Omariev, Maksim"]
[WhiteFideId "13700570"]
[BlackFideId "4193423"]
[WhiteElo "2295"]
[BlackElo "2304"]
[Result "1-0"]
[Round "10"]
[TimeControl "180+1"]
[Date "2022.08.18"]
[WhiteClock "0:00:00"]
[BlackClock "0:00:00"]

1. d4 d5 2. c4 e6 3. Nc3 Nf6 4. Nf3 Be7 5. Bf4 O-O 6. e3 Nh5 7. Be5 Nc6 8. Bd3 Nxe5 9. dxe5 dxc4 10. Bxc4 Qxd1+ 11. Rxd1 g6 12. Nb5 Bb4+ 13. Ke2 Ba5 14. Ng5 a6 15. Nd4 b5 16. Bd3 Bb7 17. Be4 Bxe4 18. Nxe4 Bb6 19. Nc6 f5 20. Ng5 Ng7 21. Rd7 Rae8 22. f4 h6 23. Nf3 Rf7 24. Rhd1 Ref8 25. h3 Rxd7 26. Rxd7 Rf7 27. Rd8+ Kh7 28. g4 Bc5 29. a3 Bf8 30. b4 Kg8 31. Nfd4 Kh7 32. Ra8 g5 33. Kf3 fxg4+ 34. hxg4 gxf4 35. exf4 h5 36. g5 Kg6 37. Ke4 Nf5 38. Nd8 Rd7 39. N8xe6 Nxd4 40. Nxf8+ Kf7 41. Nxd7 1-0


[Site "https://www.chess.com"]

[Event "Titled Tuesday Blitz August 16 Late 2022"]
[White "Kobo, Ori"]
[Black "Al Hosani, Omran"]
[WhiteFideId "2812320"]
[BlackFideId "9308733"]
[WhiteElo "2420"]
[BlackElo "2236"]
[Result "1/2-1/2"]
[Round "10"]
[TimeControl "180+1"]
[Date "2022.08.16"]
[WhiteClock "0:00:07"]
[BlackClock "0:00:05"]

1. Nf3 d5 2. g3 Nf6 3. Bg2 Bf5 4. O-O e6 5. c4 c6 6. cxd5 exd5 7. d3 Be7 8. Qb3 Qb6 9. Qc2 O-O 10. Nc3 Nbd7 11. e4 dxe4 12. dxe4 Be6 13. Be3 Qc7 14. Nd4 Bc4 15. Rfd1 Rfd8 16. b3 Ba6 17. Nf5 Bf8 18. Bf4 Qa5 19. a3 Qb6 20. Na4 Qa5 21. b4 Bxb4 22. axb4 Qxb4 23. Bd6 Qc4 24. Qxc4 Bxc4 25. Bc7 Rf8 26. Ne7+ Kh8 27. e5 Ne8 28. Rxd7 Be6 29. Bd6 Bxd7 30. Ng6+ hxg6 31. Bxf8 Nc7 32. Bd6 Ne6 33. Nc5 Nxc5 34. Bxc5 a5 35. Bf1 b5 36. f4 Be6 37. Kf2 a4 38. Bg2 Ra6 39. Ke3 Kg8 40. Kd4 f6 41. Bd6 Kf7 42. Kc5 a3 43. Bxc6 b4 44. Bb5 b3 45. Bxa6 b2 46. Rxa3 b1=Q 47. Bb5 Qc1+ 48. Kb6 fxe5 49. Ra7+ Kg8 50. Bxe5 Qe3+ 51. Ka6 Bc8+ 52. Rb7 Bxb7+ 53. Kxb7 Qe4+ 54. Bc6 Qb1+ 55. Kc7 Kh7 56. Kd6 Qd3+ 57. Bd5 Qa6+ 58. Ke7 Qa7+ 59. Ke6 Qb6+ 60. Bd6 Qe3+ 61. Be5 Qb6+ 62. Bd6 Qe3+ 63. Be5 Qb6+ 1/2-1/2


[Site "https://www.chess.com"]

[Event "Titled Tuesday Blitz August 16 Late 2022"]
[White "Kostiukov, Alexandr"]
[Black "Reprintsev, Alexander"]
[WhiteFideId "14108100"]
[BlackFideId "14100541"]
[WhiteElo "2202"]
[BlackElo "2108"]
[Result "0-1"]
[Round "10"]
[TimeControl "180+1"]
[Date "2022.08.18"]
[WhiteClock "0:00:00"]
[BlackClock "0:00:00"]

1. g3 e5 2. Bg2 Bc5 3. c4 c6 4. e3 Nf6 5. Ne2 d5 6. cxd5 cxd5 7. d4 Bb4+ 8. Nbc3 e4 9. O-O O-O 10. Nf4 Nc6 11. Bd2 a5 12. a3 Bxc3 13. bxc3 Bg4 14. Qb1 g5 15. Nh3 h6 16. Kh1 Qd7 17. Ng1 a4 18. h3 Bh5 19. g4 Bg6 20. Qd1 Na5 21. f4 exf3 22. Nxf3 Be4 23. Be1 Qe6 24. Bg3 Nc4 25. Qe2 Nd7 26. Rfe1 f5 27. gxf5 Qxf5 28. Ng1 Nf6 29. Rf1 Qe6 30. Kh2 Bxg2 31. Qxg2 Nxe3 0-1


[Site "https://www.chess.com"]

[Event "Titled Tuesday Blitz August 16 Late 2022"]
[White "Kujawski, Adam"]
[Black "Do Nascimento,Christian Almeida"]
[WhiteFideId "1100920"]
[BlackFideId "2143801"]
[WhiteElo "1972"]
[BlackElo "2085"]
[Result "1-0"]
[Round "10"]
[TimeControl "180+1"]
[Date "2022.08.18"]
[WhiteClock "0:00:00"]
[BlackClock "0:00:00"]

1. e4 c5 2. Nf3 d6 3. d4 cxd4 4. Nxd4 Nf6 5. Nc3 a6 6. Bg5 e6 7. f4 Be7 8. Qf3 Qc7 9. O-O-O Nbd7 10. Bd3 b5 11. Rhe1 O-O 12. e5 Bb7 13. Qh3 dxe5 14. fxe5 Nxe5 15. Rxe5 Qxe5 16. Bxf6 Qf4+ 17. Kb1 h6 18. Bxe7 Rfe8 19. Nde2 Qf2 20. Bh4 Qxg2 21. Qxg2 Bxg2 22. Rg1 Bf3 23. Bf6 g6 24. Rg3 Bxe2 25. Nxe2 e5 26. Nc3 Re6 27. Ne4 Rc8 28. h4 Kh7 29. a3 Rcc6 30. Rf3 Rc7 31. b3 Kg8 32. Kb2 Kh7 33. h5 Kg8 34. Rg3 g5 35. Nxg5 hxg5 36. Rxg5+ Kf8 37. Bg7+ Ke7 38. h6 e4 39. h7 Rc8 40. Be2 Rec6 41. c4 Rd6 42. h8=Q Rxh8 43. Bxh8 Rd2+ 44. Kc3 Rxe2 45. cxb5 axb5 46. Bd4 f6 47. Rxb5 Rg2 48. Rf5 Rg6 49. Rxf6 Rg3+ 50. Kc4 e3 51. Rf1 Kd7 52. Re1 e2 53. Rxe2 Rh3 54. Re5 Kc6 55. Rc5+ Kd6 56. Rd5+ Kc6 57. Ra5 Kb7 58. a4 Rh4 59. Rb5+ Ka8 60. Rg5 Rf4 61. a5 Rf8 62. b4 Rc8+ 63. Bc5 Rb8 64. b5 Rh8 65. Rg7 Kb8 66. a6 Ka8 67. b6 Kb8 68. Kb5 Ka8 69. b7+ Kb8 70. Bd6+ Ka7 71. b8=Q# 1-0


[Site "https://www.chess.com"]

[Event "Titled Tuesday Blitz August 16 Late 2022"]
[White "Leenhouts, Koen"]
[Black "Zenin, Dmitry"]
[WhiteFideId "1008439"]
[BlackFideId "4127897"]
[WhiteElo "2409"]
[BlackElo "2215"]
[Result "0-1"]
[Round "10"]
[TimeControl "180+1"]
[Date "2022.08.18"]
[WhiteClock "0:00:00"]
[BlackClock "0:00:00"]

1. e4 g6 2. d4 Bg7 3. Nc3 d6 4. h4 Nc6 5. Be3 e5 6. d5 Nd4 7. Nge2 c5 8. dxc6 Nxc6 9. h5 Nh6 10. Nb5 Ke7 11. Nec3 Be6 12. Be2 a6 13. Na3 b5 14. Nd5+ Kf8 15. Qd2 Ng8 16. h6 Bf6 17. Nxf6 Nxf6 18. f3 Nh5 19. O-O-O Ke7 20. Rxh5 gxh5 21. c3 f6 22. Kb1 Rg8 23. Bf1 Rc8 24. Nc2 Na5 25. Nb4 Nc4 26. Bxc4 bxc4 27. Nxa6 Qa5 28. Nb4 Qc7 29. f4 Rg4 30. Qf2 Rcg8 31. fxe5 fxe5 32. Rf1 Ke8 33. Qf6 Qe7 34. Nc6 Qxf6 35. Rxf6 Kd7 36. Nb4 Rxg2 37. a4 Re2 38. Bb6 Rgg2 39. Rf8 Rxb2+ 40. Kc1 Rbe2 41. Rd8+ Ke7 42. Nc6+ Kf6 43. Rf8+ Kg6 44. Kd1 Ra2 45. Ne7+ Kxh6 46. Be3+ Kg7 0-1


[Site "https://www.chess.com"]

[Event "Titled Tuesday Blitz August 16 Late 2022"]
[White "Lehtosaari, Mauri"]
[Black "Ozalp, Burak"]
[WhiteFideId "501999"]
[BlackFideId "6314210"]
[WhiteElo "2200"]
[BlackElo "1854"]
[Result "0-1"]
[Round "10"]
[TimeControl "180+1"]
[Date "2022.08.18"]
[WhiteClock "0:00:00"]
[BlackClock "0:00:00"]

1. d4 g6 2. Nf3 Bg7 3. Bg5 d6 4. c3 Nd7 5. Nbd2 Ngf6 6. e3 O-O 7. Bc4 a6 8. a4 b6 9. O-O Bb7 10. Qc2 c5 11. Rfe1 Rc8 12. Qd3 Ra8 13. Rad1 Qc7 14. Ba2 b5 15. e4 c4 16. Qc2 e5 17. d5 h6 18. Be3 Nh5 19. b3 cxb3 20. Bxb3 Nc5 21. axb5 axb5 22. Ra1 f5 23. Bxc5 Qxc5 24. Rxa8 Bxa8 25. exf5 gxf5 26. Nh4 e4 27. c4 b4 28. g3 Bd4 29. Nf1 f4 30. Qxe4 Bxf2+ 31. Kg2 f3+ 32. Nxf3 Bxe1 33. Qe6+ Kg7 34. Qxe1 Nf6 35. Ne3 Re8 36. Nf5+ Kg6 37. N3h4+ Kh7 38. Qf1 Qd4 39. Qf3 Re3 40. Qf4 Qxf4 41. gxf4 Rxb3 42. Nxd6 Rc3 0-1


[Site "https://www.chess.com"]

[Event "Titled Tuesday Blitz August 16 Late 2022"]
[White "Leiva, Gianmarco"]
[Black "Potapova, Margarita"]
[WhiteFideId "3804399"]
[BlackFideId "14126869"]
[WhiteElo "2323"]
[BlackElo "2225"]
[Result "1-0"]
[Round "10"]
[TimeControl "180+1"]
[Date "2022.08.16"]
[WhiteClock "0:00:51"]
[BlackClock "0:00:26"]

1. e4 c5 2. Nf3 d6 3. Bb5+ Nd7 4. a4 a6 5. Be2 Ngf6 6. Nc3 g6 7. O-O Bg7 8. d3 O-O 9. Qd2 Nb8 10. Qf4 Nc6 11. Qh4 Nd4 12. Bh6 e5 13. Ng5 Nxe2+ 14. Nxe2 Nh5 15. Bxg7 Kxg7 16. Ng3 Nf6 17. f4 h6 18. Nf3 Ng4 19. f5 Qxh4 20. Nxh4 g5 21. f6+ Kh7 22. Nhf5 Rd8 23. Ne7 Ne3 24. Rf2 Ng4 25. Re2 Nxf6 26. Rf1 Kg7 27. Ref2 Be6 28. Rxf6 Rd7 29. Rxe6 fxe6 30. Nh5+ Kh8 31. Rf7 1-0


[Site "https://www.chess.com"]

[Event "Titled Tuesday Blitz August 16 Late 2022"]
[White "Lenderman, Aleksandr"]
[Black "Bilych, Olexiy"]
[WhiteFideId "2021285"]
[BlackFideId "14156504"]
[WhiteElo "2607"]
[BlackElo "2157"]
[Result "1-0"]
[Round "10"]
[TimeControl "180+1"]
[Date "2022.08.16"]
[WhiteClock "0:00:23"]
[BlackClock "0:00:05"]

1. d4 Nf6 2. c4 e6 3. Nf3 d5 4. e3 Be7 5. b3 O-O 6. Nc3 c5 7. dxc5 Bxc5 8. cxd5 exd5 9. Bd3 Nc6 10. O-O Bg4 11. Be2 Re8 12. Bb2 a6 13. Rc1 Qd6 14. Na4 Ba7 15. Bxf6 Qxf6 16. Nc5 Bxc5 17. Rxc5 Be6 18. Nd4 Nxd4 19. Qxd4 Qxd4 20. exd4 Rac8 21. Rfc1 Rxc5 22. Rxc5 Rc8 23. Bf3 Rxc5 24. dxc5 Kf8 25. Kf1 Ke7 26. Ke2 Kf6 27. Kd2 Ke5 28. Kc3 d4+ 29. Kd3 Bd5 30. Bh5 g6 31. f4+ Kxf4 32. Kxd4 Bxg2 33. Be2 Bc6 34. a4 g5 35. a5 g4 36. Bc4 f5 37. Bd5 g3 38. hxg3+ Kxg3 39. Bxc6 bxc6 40. b4 f4 41. b5 cxb5 42. c6 f3 43. c7 f2 44. c8=Q f1=Q 45. Qxa6 Qc4+ 46. Ke5 Qc5+ 47. Ke6 Qc4+ 48. Kd7 Qf7+ 49. Kc6 Qe6+ 50. Kxb5 Qe2+ 51. Kb6 Qe6+ 52. Ka7 Qd7+ 53. Qb7 Qd4+ 54. Ka8 Qd8+ 55. Qb8+ Qxb8+ 56. Kxb8 h5 57. a6 h4 58. a7 h3 59. a8=Q Kh2 60. Qf3 Kg1 61. Qxh3 Kf2 62. Kc7 1-0


[Site "https://www.chess.com"]

[Event "Titled Tuesday Blitz August 16 Late 2022"]
[White "Lopez Perdomo, Juan David"]
[Black "Floresvillar Gonzalez, Luis Migu"]
[WhiteFideId "4405137"]
[BlackFideId "5100542"]
[WhiteElo "1965"]
[BlackElo "2040"]
[Result "0-1"]
[Round "10"]
[TimeControl "180+1"]
[Date "2022.08.18"]
[WhiteClock "0:00:00"]
[BlackClock "0:00:00"]

1. e4 c6 2. d4 d5 3. Nc3 dxe4 4. Nxe4 Bf5 5. Ng3 Bg6 6. Nf3 Nd7 7. Bd3 e6 8. O-O Ngf6 9. Bg5 Be7 10. Re1 O-O 11. h4 Bxd3 12. Qxd3 h6 13. Bd2 Qb6 14. c3 Rad8 15. Qc2 a5 16. Qc1 Kh7 17. Ne5 Nxe5 18. Rxe5 Bd6 19. Re3 Bxg3 20. Rxg3 Ne4 21. Qc2 f5 22. Re3 Rfe8 23. Rae1 c5 24. Rxe4 fxe4 25. Rxe4 Kh8 26. Qc1 e5 27. dxc5 Qg6 28. Re2 Qf6 29. g3 Rf8 30. Qe1 Rd5 31. Be3 Rfd8 32. Kg2 Rd1 33. Bg5 hxg5 0-1


[Site "https://www.chess.com"]

[Event "Titled Tuesday Blitz August 16 Late 2022"]
[White "Maltsevskaya, Aleksandra"]
[Black "D`Arruda, Ricardo D."]
[WhiteFideId "24174041"]
[BlackFideId "100692"]
[WhiteElo "2243"]
[BlackElo "2509"]
[Result "1/2-1/2"]
[Round "10"]
[TimeControl "180+1"]
[Date "2022.08.16"]
[WhiteClock "0:00:03"]
[BlackClock "0:00:32"]

1. Nf3 d5 2. g3 Nf6 3. Bg2 c6 4. O-O g6 5. d3 Bg7 6. Nbd2 O-O 7. e4 dxe4 8. dxe4 Nbd7 9. Qe2 e5 10. Rd1 Qc7 11. a4 Re8 12. Nc4 Bf8 13. h3 Nb6 14. Bg5 Kg7 15. h4 h6 16. Bd2 Nxc4 17. Qxc4 Be6 18. Qe2 Nd7 19. Bc3 Kg8 20. Kh2 Bg7 21. Bh3 Bxh3 22. Kxh3 Rad8 23. Kg2 Nc5 24. b3 Ne6 25. Rxd8 Rxd8 26. Rd1 Nd4 27. Bxd4 exd4 28. Qc4 c5 29. b4 b6 30. a5 Qe7 31. e5 cxb4 32. axb6 axb6 33. Rxd4 Rxd4 34. Qxd4 Qc5 35. Qd8+ Kh7 36. e6 fxe6 37. Qd7 Qd5 38. Qc7 b5 39. Qf7 Qe4 40. Kh2 Qxc2 41. Nd4 Qb2 42. Nxe6 Qf6 43. Nf8+ Kh8 44. Nxg6+ Kh7 45. Nf8+ Kh8 46. Ng6+ Kh7 47. Nf8+ Kh8 48. Ng6+ 1/2-1/2


[Site "https://www.chess.com"]

[Event "Titled Tuesday Blitz August 16 Late 2022"]
[White "Martic, Ivan"]
[Black "Djordjevic, Vuk"]
[WhiteFideId "929301"]
[BlackFideId "902098"]
[WhiteElo "2355"]
[BlackElo "2456"]
[Result "0-1"]
[Round "10"]
[TimeControl "180+1"]
[Date "2022.08.16"]
[WhiteClock "0:00:11"]
[BlackClock "0:00:38"]

1. d4 Nf6 2. Nf3 e6 3. Bf4 d5 4. e3 Bd6 5. Nbd2 O-O 6. Bd3 b6 7. O-O Bxf4 8. exf4 c5 9. c3 a5 10. Re1 Ba6 11. Bb1 Qc7 12. Ne5 cxd4 13. cxd4 Nc6 14. Ndf3 Rac8 15. a3 Ne7 16. h3 Bb7 17. Ng5 h6 18. Ngf3 Ne4 19. g3 f6 20. Ng4 Qc4 21. Bd3 Qc6 22. Qb3 Nf5 23. Rad1 g5 24. fxg5 hxg5 25. Bb5 Qd6 26. Nfh2 Kg7 27. Qf3 Rc2 28. Re2 Rfc8 29. Rxc2 Rxc2 30. Ne3 Rxb2 31. Qxf5 Nxf2 32. Rf1 Qxg3+ 33. Ng2 Nxh3+ 0-1


[Site "https://www.chess.com"]

[Event "Titled Tuesday Blitz August 16 Late 2022"]
[White "Martin Barcelo, Carles"]
[Black "Filgueira, Hernan"]
[WhiteFideId "24561444"]
[BlackFideId "101770"]
[WhiteElo "1922"]
[BlackElo "2363"]
[Result "1/2-1/2"]
[Round "10"]
[TimeControl "180+1"]
[Date "2022.08.18"]
[WhiteClock "0:00:00"]
[BlackClock "0:00:00"]

1. e4 d6 2. Nc3 Nf6 3. g3 c5 4. Bg2 Nc6 5. Nge2 g6 6. d4 cxd4 7. Nxd4 Bd7 8. O-O Bg7 9. Nxc6 Bxc6 10. Re1 O-O 11. h3 e6 12. Bg5 Qc7 13. Qd2 Rad8 14. Rad1 Rd7 15. Qe3 b5 16. a3 a5 17. Rd2 b4 18. axb4 axb4 19. Ne2 e5 20. Red1 Rc8 21. c3 bxc3 22. Nxc3 Qb7 23. Bxf6 Bxf6 24. Nd5 Bxd5 25. Rxd5 Qxb2 26. Rxd6 Rxd6 27. Rxd6 Be7 28. Rd2 Qc1+ 29. Kh2 Qc5 30. Qxc5 Rxc5 31. Rd5 Rc2 32. Rxe5 Bc5 33. f4 h5 34. h4 Rc3 35. Re8+ Kg7 36. e5 Bf2 37. e6 Bxg3+ 38. Kg1 fxe6 39. Rxe6 Bxf4 40. Be4 Rg3+ 41. Kh1 Rg4 42. Rxg6+ Rxg6 43. Bxg6 Kxg6 44. Kg2 Kf5 45. Kh1 Kg4 46. Kg2 Kxh4 47. Kh1 Kg4 48. Kg2 h4 49. Kh1 h3 50. Kg1 Kg3 51. Kh1 Be3 1/2-1/2


[Site "https://www.chess.com"]

[Event "Titled Tuesday Blitz August 16 Late 2022"]
[White "Mendez Fortes, Eduardo Jesus"]
[Black "Stanisz, Patryk"]
[WhiteFideId "3502376"]
[BlackFideId "1123106"]
[WhiteElo "2307"]
[BlackElo "1833"]
[Result "1-0"]
[Round "10"]
[TimeControl "180+1"]
[Date "2022.08.18"]
[WhiteClock "0:00:00"]
[BlackClock "0:00:00"]

1. e4 c5 2. Nf3 Nc6 3. d4 cxd4 4. Nxd4 Nf6 5. Nc3 e5 6. Ndb5 d6 7. Nd5 Nxd5 8. exd5 Ne7 9. c4 Nf5 10. g3 Be7 11. Bg2 O-O 12. O-O a6 13. Nc3 Nd4 14. Be3 Nf5 15. Bc1 Nd4 16. b4 a5 17. Rb1 axb4 18. Rxb4 f5 19. Be3 Bf6 20. Bxd4 exd4 21. Nb5 Rxa2 22. Nxd4 f4 23. Ne6 Bxe6 24. dxe6 fxg3 25. hxg3 Qa5 26. Rxb7 Rd2 27. Qg4 Bd4 28. e7 Re8 29. Qe6+ Kh8 30. Qf7 Qa4 31. Qf8+ 1-0


[Site "https://www.chess.com"]